 Dungeon Crawl Stone Soup version 0.16.1-11-g651b585 (webtiles) character file.

119901 Sachiko the Imperceptible (level 16, 0/79 HPs)
             Began as a Spriggan Enchanter on Apr 1, 2015.
             Was the Champion of Dithmenos.
             Slain by the 27-headed Lernaean hydra (6 damage)
             ... on level 5 of the Swamp.
             The game lasted 04:03:00 (39776 turns).

Sachiko the Imperceptible (Spriggan Enchanter)     Turns: 39776, Time: 04:03:01

Health: 0/79       AC:  7    Str:  8    XL:     16   Next: 28%
Magic:  0/36       EV: 34    Int: 19    God:    Dithmenos [******]
Gold:   1801       SH:  0    Dex: 21    Spells: 8 memorised, 17 levels left

rFire  . . .     SeeInvis +     x - +2 dagger (venom)
rCold  . . .     Clarity  .     F - +2 robe {MR+}
rNeg   . . .     SustAb   .     y - +0 buckler (curse)
rPois  .         Gourm    .     p - +2 hat
rElec  .         Spirit   +     m - +0 cloak
rCorr  .         Warding  .     (gloves unavailable)
rMut   .         Stasis   .     (boots unavailable)
MR     +++..                    I - amulet of guardian spirit
Stlth  +++++++++.               u - ring of stealth
                                e - +4 ring of dexterity

@: confused, wreathed by umbra, very quick, extremely resistant to hostile
enchantments, incredibly stealthy
A: unfitting armour, see invisible, herbivore 3, speed 3, slow metabolism 2,
spit poison 1
a: Spit Poison, Shadow Step, Shadow Form, Renounce Religion


You were on level 5 of the Swamp.
You worshipped Dithmenos.
Dithmenos was exalted by your worship.
You were not hungry.

You visited 5 branches of the dungeon, and saw 33 of its levels.
You also visited: Labyrinth.

You collected 3046 gold pieces.
You spent 1245 gold pieces at shops.

Inventory:

Hand weapons
 x - a +2 dagger of venom (weapon)
 K - the +9 dagger of Chilly Death {freeze, rPois rF- rC++ MR+}
   (You bought it in a shop on level 4 of the Orcish Mines)

   It has been specially enchanted to freeze those struck by it, causing extra
   injury to most foes and up to half again as much damage against particularly
   susceptible opponents.
   It can also slow down cold-blooded creatures.
   It makes you vulnerable to fire.
   It greatly protects you from cold.
   It protects you from poison.
   It affects your resistance to hostile enchantments.
Armour
 m - a +0 cloak (worn)
 p - a +2 hat (worn)
 y - a cursed +0 buckler (worn)
 F - a +2 robe of magic resistance (worn)
 H - a +1 robe of positive energy
Rods
 E - a +7 rod of clouds (11/11)
   (You found it in a labyrinth)
Jewellery
 e - a +4 ring of dexterity (left hand)
 u - a ring of stealth (right hand)
 v - an uncursed ring of invisibility
 I - an amulet of guardian spirit (around neck)
 Q - an uncursed ring of positive energy
 W - a cursed ring of magical power
 Z - an uncursed ring of protection from magic {unknown}
Magical devices
 a - a wand of digging (11)
 b - a wand of frost (13)
 c - a wand of enslavement (15)
 i - a wand of invisibility (1)
 k - a wand of heal wounds (5)
 t - a wand of confusion (30)
 A - a wand of lightning (0)
 O - a wand of lightning (7)
 R - a wand of frost (22)
 S - a wand of draining (2)
 X - a wand of disintegration (7)
 Y - a wand of heal wounds (2)
Scrolls
 h - a scroll of vulnerability
 j - 2 scrolls of fog
 l - 4 scrolls of teleportation
 n - 7 scrolls of remove curse
 q - 3 scrolls of fear
 z - 3 scrolls of identify
 B - 6 scrolls of recharging
 L - 2 scrolls of magic mapping
 M - a scroll of enchant armour
 P - 3 scrolls of amnesia
Potions
 g - 2 potions of cancellation
 o - 3 potions of lignification
 r - 4 potions of agility
 s - a potion of restore abilities
 w - 7 potions of brilliance
 C - 12 potions of curing
 J - a potion of resistance
 N - 2 potions of invisibility
 T - a potion of cure mutation
 U - a potion of haste
 V - a potion of magic
Books
 D - the Handbook of Shifting Attacks
   (You found it in a labyrinth)

   Spells                             Type                      Level
   a - Conjure Flame                  Conjuration/Fire             3
   b - Dazzling Spray                 Conjuration/Hexes            3
   c - Petrify                        Transmutation/Earth          4
   d - Bolt of Draining               Conjuration/Necromancy       5
   e - Irradiate                      Conjuration/Transmutation    5
Miscellaneous
 f - a stone of tremors
Comestibles
 d - 10 bread rations
 G - 3 royal jellies


   Skills:
 + Level 6.9 Fighting
 - Level 10.0 Short Blades
 - Level 15.9 Dodging
 + Level 23.2 Stealth
 * Level 9.0 Shields
 - Level 10.0 Spellcasting
 * Level 14.3 Hexes
 - Level 0.2 Ice Magic


You had 17 spell levels left.
You knew the following spells:

 Your Spells              Type           Power        Failure   Level  Hunger
a - Corona                Hex            ######.      1%          1    None
b - Ensorcelled Hibernat  Hex/Ice        #####.       1%          2    None
c - Confuse               Hex            ######..     1%          3    None
d - Tukima's Dance        Hex            ######..     1%          3    None
e - Enslavement           Hex            ######..     1%          4    ##.....
f - Dazzling Spray        Conj/Hex       #####...     1%          3    None
g - Animate Skeleton      Necr           N/A          10%         1    None
h - Apportation           Tloc           #.........   10%         1    None


Dungeon Overview and Level Annotations

Branches:
Dungeon (15/15)            Temple (1/1) D:4            Lair (8/8) D:11
  Swamp (5/5) Lair:3        Snake (0/5) Lair:6        Slime (0/6) Lair:8
    Orc (4/4) D:12            Elf (0/3) Orc:3        Vaults (0/5) D:14
 Depths (0/5) D:15

Altars:
Ashenzari
Cheibriados
Dithmenos
Elyvilon
Fedhas
Gozag
Kikubaaqudgha
Makhleb
Nemelex Xobeh
Okawaru
Qazlal
Ru
Sif Muna
Trog
Vehumet
Xom
Yredelemnul
Zin
The Shining One
Beogh
Jiyva

Shops:
D:5 %   D:11 [   D:12 *   D:14 [   Orc:4 :[*(*

Annotations:
D:3 Ryushun's ghost, average SpAs
D:14 Azrael
D:15 Frances
Lair:6 exclusion: 2 oklob plants
Swamp:5 Lernaean hydra


Innate Abilities, Weirdness & Mutations

You are tiny and cannot use many weapons and most armour.
You have supernaturally acute eyesight.
You are a herbivore.
You cover ground extremely quickly.
You need consume almost no food.
You can spit poison.


Message History

The 27-headed Lernaean hydra bites you.
* * * LOW HITPOINT WARNING * * *
The 27-headed Lernaean hydra misses you.
The 27-headed Lernaean hydra closely misses you.
The 27-headed Lernaean hydra misses you.
The 27-headed Lernaean hydra bites you!
* * * LOW HITPOINT WARNING * * *
The 27-headed Lernaean hydra bites you.
* * * LOW HITPOINT WARNING * * *
The 27-headed Lernaean hydra closely misses you.
The swamp drake completely misses you.
Evoke which item? (* to show all) (? for menu, Esc to quit)
Zapping:
Y - a wand of heal wounds (3)
Press: ? - help, Shift-Dir - straight line, f - you, p - swamp drake Nothing appears to happen.
This wand has 2 charges left.
The swamp dragon roars!
The swamp drake completely misses you.
The 27-headed Lernaean hydra completely misses you. x3
The 27-headed Lernaean hydra bites you!
You die...

≈....≈....≈..≈≈#§≈* **≈≈*,≈.≈≈≈≈≈
........≈§..#...≈≈* ##≈≈,..≈.≈≈#
.≈...≈≈≈..≈.....#≈* #≈#≈##.≈≈≈≈≈
≈........≈≈§≈.≈.♣≈♣♣#*≈≈≈.≈(≈≈≈≈≈
...........≈.≈≈♣*♣.≈***#≈#≈.≈.≈≈≈
.....§.......§♣♣♣.≈** ###≈≈.≈≈D≈≈
≈≈.≈≈....≈.≈.♣♣♣.######≈≈≈#≈≈≈#≈≈
..≈......≈...†♣≈≈D.##..###≈.#≈.#≈
≈≈§...≈.§..≈.†.≈@k.D≈..D.≈.≈...≈D
......≈..≈.≈§.≈..k.≈#.≈.≈§≈≈#≈.#D
.......≈...≈.≈.≈≈§#####≈≈.≈≈≈≈k≈≈
.≈≈≈.≈≈≈.≈≈..≈.≈♣♣.≈#*###≈≈####≈#
≈.≈..§..≈§.≈..≈♣♣*♣♣.≈♣ #### *##
.§..≈.......≈...♣≈***♣♣
≈≈.≈≈≈....≈..#.♣♣****
≈...≈.≈.♣.♣§..§≈♣ *≈******* *
≈.≈.≈≈.≈≈.≈.....# ****≈,≈,** **


You could see the 27-headed Lernaean hydra, a seven-headed hydra, a swamp dragon
and 2 swamp drakes.

Vanquished Creatures
  Rupert (Swamp:1)
  Kirke (Swamp:4)
  An orc warlord (Orc:4)
  Maud (Lair:5)
  Josephine (Orc:4)
  7 vault guards (D:14)
  A minotaur (Lab)
  11 hydras
  A ghost crab (Swamp:5)
  Erica (Lair:8)
  2 catoblepae
  8 centaur warriors
  10 alligators
  3 tengu warriors
  An orc high priest (Orc:4)
  Urug (D:14)
  Erolcha (D:11)
  A skeletal warrior (D:15)
  An unseen horror (D:13)
  A spriggan druid (Swamp:3)
  7 swamp dragons
  A wizard (D:15)
  2 hill giants
  An oklob plant (D:11)
  4 orc knights
  4 griffons
  3 orc sorcerers
  2 cyclopes (D:14)
  2 manticores (Lair:8)
  6 black mambas
  9 ugly things (D:14)
  A sixfirhy (Orc:4)
  5 centaur zombies
  A gargoyle (D:15)
  A torpor snail (Lair:8)
  18 spiny frogs
  A centaur skeleton (D:14)
  An eye of devastation (Lair:8)
  Psyche (D:8)
  A kobold demonologist (D:15)
  An efreet (D:11)
  3 fire drakes
  A guardian mummy (D:15)
  A deep elf priest (D:14)
  6 trolls
  2 two-headed ogres
  8 komodo dragons
  Sonja (D:14)
  A polar bear (Lair:5)
  20 slime creatures
  5 baby alligators
  3 giant leeches
  6 blink frogs
  2 boulder beetles (Lair:8)
  7 bog bodies
  9 ravens
  4 snapping turtles (D:12)
  5 shadows
  3 basilisks
  A trapdoor spider (D:12)
  A water elemental (D:12)
  5 wraiths
  2 spriggans
  42 yaks
  6 hogs
  3 deep elf magi
  A wyvern (D:13)
  Eustachio (D:6)
  11 vampire mosquitoes
  12 hippogriffs
  Grum (D:8)
  15 wolves
  2 vampires (D:15)
  5 wargs
  5 nagas (Lair:6)
  A soldier ant (D:11)
  A steam dragon (Lair:8)
  20 swamp worms
  10 insubstantial wisps
  5 hell hounds
  12 porcupines
  18 water moccasins
  29 orc warriors
  11 swamp drakes
  A wasp (Swamp:1)
  7 ice beasts
  4 sky beasts
  2 phantoms
  2 black bears
  9 ogres
  15 centaurs
  23 crocodiles
  Duvessa (D:12)
  2 big kobolds
  A brain worm (D:15)
  Blork the orc (D:5)
  21 giant frogs
  2 wyvern skeletons
  5 killer bees
  4 scorpions
  2 wights (D:8)
  11 electric eels
  3 crimson imps
  A goliath beetle (D:5)
  2 quasits
  A giant frog zombie (D:12)
  Dowan (Orc:1)
  12 hounds
  A wasp zombie (D:9)
  30 orc priests
  A giant frog skeleton (D:7)
  5 jellies
  30 orc wizards
  2 hell rats (Lair:5)
  4 iguanas
  Natasha (thrice) (D:3)
  9 worker ants
  A killer bee zombie (D:7)
  19 sheep
  Ijyb (D:2)
  Terence (D:2)
  A hound zombie (D:7)
  2 mummies
  A worker ant zombie (D:9)
  18 adders
  65 river rats
  A giant mite (D:4)
  5 worms
  3 shadow imps
  An ufetubus (Orc:4)
  An adder skeleton (D:9)
  3 giant geckos
  150 orcs
  21 bats
  2 bat skeletons
  4 giant cockroaches
  19 goblins
  20 hobgoblins
  15 jackals
  A ball python (D:1)
  A giant gecko skeleton (D:4)
  10 giant newts
  A giant spore (D:12)
  2 goblin zombies (D:4)
  A jackal skeleton (D:8)
  A jackal zombie (D:9)
  22 kobolds
  2 orc skeletons (Orc:4)
  4 orc zombies (Orc:4)
  9 quokkas
  15 rats
  9 ballistomycetes
  A plant (D:11)
1085 creatures vanquished.

Vanquished Creatures (collateral kills)
  A yak (Lair:8)
  An electric eel (D:12)
2 creatures vanquished.

Vanquished Creatures (others)
  A spriggan druid (Swamp:3)
  A trapdoor spider zombie (D:14)
  A raven (Swamp:3)
  2 spriggans (Swamp:3)
  A dancing weapon (D:14)
  A water moccasin (Swamp:3)
  2 wasps (Swamp:3)
  A swamp drake (Swamp:3)
  A crimson imp (D:9)
  A hound (D:9)
  A giant spore (D:9)
  8 bushes (D:14)
  3 fungi
  4 plants
28 creatures vanquished.

Grand Total: 1115 creatures vanquished

Notes
Turn   | Place    | Note
--------------------------------------------------------------
     0 | D:1      | Sachiko, the Spriggan Enchanter, began the quest for the Orb.
     0 | D:1      | Reached XP level 1. HP: 9/9 MP: 4/4
   379 | D:1      | Reached XP level 2. HP: 13/13 MP: 7/7
   436 | D:1      | Reached skill level 5 in Stealth
   441 | D:1      | Learned a level 2 spell: Ensorcelled Hibernation
  1069 | D:2      | Reached XP level 3. HP: 16/16 MP: 2/9
  1090 | D:2      | Noticed Ijyb
  1093 | D:2      | Killed Ijyb
  1093 | D:2      | Reached skill level 6 in Stealth
  1238 | D:2      | Noticed Terence
  1243 | D:2      | Killed Terence
  1243 | D:2      | Reached XP level 4. HP: 21/21 MP: 4/12
  1650 | D:3      | Found a shimmering altar of Xom.
  1669 | D:3      | Found a glowing golden altar of the Shining One.
  1670 | D:3      | Found a snail-covered altar of Cheibriados.
  1730 | D:3      | Noticed Natasha
  1737 | D:3      | Killed Natasha
  1737 | D:3      | Reached skill level 7 in Stealth
  1864 | D:3      | Found a burning altar of Makhleb.
  1867 | D:3      | Reached XP level 5. HP: 19/24 MP: 4/14
  1928 | D:3      | Noticed Natasha
  2019 | D:3      | Killed Natasha
  2019 | D:3      | Reached skill level 8 in Stealth
  2153 | D:3      | Noticed Ryushun's ghost (average SpAs)
  2178 | D:3      | Learned a level 3 spell: Confuse
  2424 | D:3      | Noticed Natasha
  2476 | D:3      | Killed Natasha
  2954 | D:4      | Noticed an ogre
  2961 | D:4      | Killed an ogre
  2961 | D:4      | Reached skill level 9 in Stealth
  2961 | D:4      | Reached XP level 6. HP: 28/28 MP: 15/17
  3349 | D:3      | Gained mutation: You tend to lose your temper in combat. [potion of mutation]
  3349 | D:3      | Gained mutation: You can spit poison. [potion of mutation]
  3349 | D:3      | Gained mutation: You evolve. [potion of mutation]
  3677 | D:4      | Reached skill level 10 in Stealth
  3947 | D:4      | Found a staircase to the Ecumenical Temple.
  3953 | Temple   | Entered the Ecumenical Temple
  3964 | Temple   | Became a worshipper of Dithmenos the Shadowed
  4088 | D:5      | Entered Level 5 of the Dungeon
  4089 | D:5      | Found Pnyqeiri's Food Boutique.
  4220 | D:5      | Reached XP level 7. HP: 19/32 MP: 5/19
  4233 | D:5      | Lost mutation: You tend to lose your temper in combat. [evolution]
  4433 | D:5      | Noticed Blork the orc
  4473 | D:5      | Reached skill level 11 in Stealth
  4533 | D:5      | Bought a bread ration for 70 gold pieces
  4533 | D:5      | Bought 4 fruits for 84 gold pieces
  4633 | D:5      | Reached skill level 12 in Stealth
  4648 | D:5      | Reached skill level 5 in Short Blades
  4659 | D:5      | Identified a scroll of acquirement
  4790 | D:5      | Killed Blork the orc
  4841 | D:5      | Reached XP level 8. HP: 36/36 MP: 13/20
  4909 | D:6      | Noticed Eustachio
  4917 | D:6      | Killed Eustachio
  4917 | D:6      | Reached skill level 13 in Stealth
  4954 | D:6      | Found a white marble altar of Elyvilon.
  5048 | D:6      | Gained mutation: You are partially covered in rough black scales (AC +4, Dex -1). [evolution]
  5048 | D:6      | Lost mutation: You evolve. [end of evolution]
  5518 | D:6      | Reached skill level 5 in Dodging
  5902 | D:7      | Reached skill level 14 in Stealth
  6027 | D:7      | Acquired Dithmenos' first power
  6215 | D:7      | Reached XP level 9. HP: 39/39 MP: 22/22
  6597 | D:8      | Reached skill level 15 in Stealth
  6607 | D:8      | Noticed a four-headed hydra
  6786 | D:8      | Reached skill level 16 in Stealth
  7031 | D:8      | Noticed Psyche
  7037 | D:8      | Killed Psyche
  7037 | D:8      | Reached skill level 10 in Dodging
  7037 | D:8      | Reached XP level 10. HP: 34/44 MP: 7/23
  7303 | D:8      | Noticed Grum
  7312 | D:8      | Killed Grum
  7743 | D:9      | Acquired Dithmenos' second power
  7812 | D:9      | Found a blossoming altar of Fedhas.
  8258 | D:9      | Reached skill level 1 in Fighting
  8262 | D:9      | Reached skill level 17 in Stealth
  8429 | D:9      | Found a sparkling altar of Nemelex Xobeh.
  8511 | D:9      | Found a shattered altar of Ashenzari.
  8934 | D:10     | Entered Level 10 of the Dungeon
  9144 | D:10     | Got a thick robe
  9155 | D:10     | Identified the +3 robe "Twaetz" {-Cast Int+2 SInv Stlth+} (You found it on level 10 of the Dungeon)
  9251 | D:10     | Found a stormy altar of Qazlal.
 10269 | D:11     | Found a staircase to the Lair.
 10272 | D:11     | Noticed an oklob plant
 10373 | D:11     | Noticed Erolcha
 10381 | D:11     | Killed Erolcha
 10404 | D:11     | Lost mutation: You can spit poison. [potion of cure mutation]
 10404 | D:11     | Lost mutation: You are partially covered in rough black scales (AC +4, Dex -1). [potion of cure mutation]
 10587 | D:11     | Reached XP level 11. HP: 47/51 MP: 16/24
 10612 | D:11     | Found Pnaepugg's Armour Boutique.
 11627 | D:12     | Acquired Dithmenos' third power
 11952 | D:12     | Found a staircase to the Orcish Mines.
 12053 | D:12     | Reached skill level 1 in Shields
 12252 | D:12     | Found Weqik's Assorted Antiques.
 12276 | D:12     | Bought a potion of heal wounds for 105 gold pieces
 13064 | D:13     | Noticed an unseen horror
 13078 | D:13     | Killed an unseen horror
 13150 | D:13     | Noticed a centaur warrior
 13158 | D:13     | Killed a centaur warrior
 13158 | D:13     | Reached skill level 15 in Dodging
 14387 | D:14     | Reached XP level 12. HP: 58/58 MP: 25/25
 15141 | D:14     | Noticed a centaur warrior
 15294 | D:14     | Found a gate to the Vaults.
 15294 | D:14     | Noticed a vault guard
 15294 | D:14     | Noticed a vault guard
 15294 | D:14     | Noticed a vault guard
 15294 | D:14     | Noticed a vault guard
 15294 | D:14     | Noticed a vault guard
 15295 | D:14     | Noticed a vault guard
 15295 | D:14     | Noticed a vault guard
 15295 | D:14     | Noticed a vault guard
 15460 | D:14     | Noticed Urug
 15471 | D:14     | HP: 1/59 [Urug/javelin (23)]
 15479 | D:14     | Killed a centaur warrior
 15479 | D:14     | Reached skill level 5 in Fighting
 15479 | D:14     | Reached skill level 10 in Short Blades
 15597 | D:14     | Found an ancient bone altar of Kikubaaqudgha.
 15597 | D:14     | Noticed a centaur warrior
 15622 | D:14     | Killed Urug
 15795 | D:11     | Killed an oklob plant
 15929 | Lair:1   | Entered Level 1 of the Lair of Beasts
 16320 | Lair:1   | Acquired Dithmenos' fourth power
 17383 | Lair:3   | Reached skill level 18 in Stealth
 17531 | Lair:3   | Found a staircase to the Swamp.
 17621 | Lair:2   | Reached skill level 5 in Shields
 18347 | Lair:4   | Reached skill level 5 in Hexes
 18350 | Lair:4   | Reached XP level 13. HP: 52/65 MP: 14/26
 18720 | Lair:4   | You fall through a shaft for 2 floors!
 19301 | Lair:5   | Found a dark tunnel.
 19455 | Lair:5   | Noticed Maud
 19458 | Lair:5   | Killed Maud
 20038 | Lair:6   | Found a staircase to the Snake Pit.
 20040 | Lair:6   | Reached skill level 19 in Stealth
 21276 | Lair:1   | Learned a level 3 spell: Tukima's Dance
 21281 | Lair:1   | Learned a level 4 spell: Enslavement
 21285 | Lair:1   | Learned a level 3 spell: Dazzling Spray
 21287 | Lair:1   | Learned a level 1 spell: Animate Skeleton
 21289 | Lair:1   | Learned a level 1 spell: Apportation
 21558 | Lair:7   | Found a frozen archway.
 22467 | Lair:8   | Entered Level 8 of the Lair of Beasts
 22662 | Lair:8   | Found a viscous altar of Jiyva.
 22663 | Lair:8   | Found a staircase to the Slime Pits.
 22954 | Lair:8   | Reached skill level 20 in Stealth
 22954 | Lair:8   | Reached skill level 5 in Spellcasting
 23342 | Lair:8   | Noticed Erica
 23352 | Lair:8   | Killed Erica
 23561 | Lair:8   | Reached XP level 14. HP: 70/70 MP: 19/31
 25006 | Orc:1    | Entered Level 1 of the Orcish Mines
 25006 | Orc:1    | Noticed Duvessa
 25006 | Orc:1    | Noticed Dowan
 25007 | Orc:1    | Killed Dowan
 25450 | D:14     | Noticed Azrael
 25700 | D:13     | Noticed a catoblepas
 25722 | D:13     | Killed a catoblepas
 25823 | D:14     | Killed a vault guard
 25999 | D:14     | Killed a vault guard
 26081 | D:14     | Killed a vault guard
 26081 | D:14     | Reached skill level 10 in Hexes
 26252 | D:14     | Killed a vault guard
 26386 | D:14     | Reached skill level 21 in Stealth
 26415 | D:14     | Noticed Sonja
 26420 | D:14     | Killed Sonja
 26643 | D:14     | Killed a vault guard
 26655 | D:14     | Killed a vault guard
 26761 | D:14     | Found Vytany's Armour Boutique.
 26764 | D:14     | Noticed a tengu warrior
 26774 | D:14     | Noticed a tengu warrior
 26915 | D:14     | Killed a vault guard
 27331 | D:14     | Killed a tengu warrior
 27338 | D:14     | Killed a centaur warrior
 27341 | D:14     | Killed a tengu warrior
 27368 | D:14     | Noticed a centaur warrior
 27381 | D:14     | Killed a centaur warrior
 27520 | D:15     | Entered Level 15 of the Dungeon
 27729 | D:15     | Found a staircase to the Depths.
 27809 | D:15     | Found a blossoming altar of Fedhas.
 27984 | D:15     | Noticed Frances
 28205 | D:15     | Found a labyrinth entrance.
 28217 | Lab      | Entered a labyrinth
 28503 | Lab      | Reached XP level 15. HP: 74/74 MP: 31/34
 28513 | Lab      | Identified the Handbook of Shifting Attacks (You found it in a labyrinth)
 30243 | D:12     | Killed Duvessa
 32096 | Orc:3    | Found a staircase to the Elven Halls.
 32222 | Orc:4    | Entered Level 4 of the Orcish Mines
 32428 | Orc:4    | Found Noshro Khem's General Store.
 32608 | Orc:4    | Found a roughly hewn altar of Beogh.
 32822 | Orc:4    | Reached skill level 22 in Stealth
 33009 | Orc:4    | Found Thiozuji's Antique Armour Shoppe.
 33488 | Orc:4    | Found Steosur's Antique Weapon Shoppe.
 33598 | Orc:4    | Noticed Josephine
 33639 | Orc:4    | Killed Josephine
 34290 | Orc:4    | Found Riophoag's Book Shoppe.
 34306 | Orc:4    | Found Straut's General Store.
 34489 | Orc:4    | Bought the +9 dagger of Chilly Death {freeze, rPois rF- rC++ MR+} for 986 gold pieces
 34705 | Swamp:1  | Entered Level 1 of the Swamp
 34832 | Swamp:1  | Noticed Rupert
 34903 | Swamp:1  | Killed Rupert
 36139 | Swamp:2  | Reached skill level 10 in Spellcasting
 36242 | Swamp:2  | Noticed a thorn hunter
 38290 | Swamp:4  | Reached XP level 16. HP: 66/79 MP: 33/36
 38574 | Swamp:4  | Gained mutation: You can spit poison. [potion of beneficial mutation]
 38679 | Swamp:5  | Entered Level 5 of the Swamp
 38692 | Swamp:5  | Reached skill level 23 in Stealth
 39107 | Swamp:5  | Noticed Kirke
 39531 | Swamp:4  | Killed Kirke
 39706 | Swamp:5  | Noticed the 27-headed Lernaean hydra
 39776 | Swamp:5  | Slain by the 27-headed Lernaean hydra

Action                   |  1- 3 |  4- 6 |  7- 9 | 10-12 | 13-15 | 16-18 || total
-------------------------+-------+-------+-------+-------+-------+-------++-------
Melee: Dagger            |   103 |   138 |   283 |   980 |  1775 |   190 ||  3469
 Cast: Ensorcelled Hiber |    17 |    61 |    64 |   216 |   460 |    45 ||   863
       Confuse           |       |       |     9 |    13 |    13 |     1 ||    36
       Dazzling Spray    |       |       |       |       |   178 |    42 ||   220
       Enslavement       |       |       |       |       |    10 |       ||    10
       Tukima's Dance    |       |       |       |       |     9 |       ||     9
Invok: Shadow Step       |       |       |       |     1 |       |     1 ||     2
 Abil: Evoke Invisibilit |       |       |       |     1 |       |       ||     1
       Spit Poison       |       |       |       |       |       |     2 ||     2
Evoke: Wand              |       |       |       |       |     4 |     1 ||     5
       Phial of floods   |       |       |       |       |     1 |       ||     1
  Use: Scroll            |     4 |     9 |     7 |     8 |    23 |     7 ||    58
       Potion            |       |     5 |     2 |     8 |     4 |     2 ||    21
 Stab: Sleeping          |    16 |    46 |    63 |   194 |   408 |    23 ||   750
       Distracted        |       |       |     6 |     4 |     8 |       ||    18
       Confused          |       |       |     4 |     4 |     7 |     1 ||    16
       Invisible         |       |       |       |     2 |    23 |     6 ||    31
       Petrified         |       |       |       |       |     1 |       ||     1
  Eat: Pizza             |       |     1 |       |     1 |     2 |       ||     4
       Bread ration      |       |     1 |     1 |     3 |     3 |       ||     8
       Fruit             |       |       |     4 |     6 |     9 |       ||    19
       Royal jelly       |       |       |       |       |       |     1 ||     1
